 Dungeon Crawl Stone Soup version 0.26.1 (webtiles) character file.

Game seed: 7251096005945525456

2481 H0rd4k the Cutter (level 9, -2/68 HPs)
             Began as a Human Artificer on Feb 5, 2021.
             Slain by a killer bee (5 damage)
             ... on level 7 of the Dungeon.
             The game lasted 00:09:33 (10917 turns).

H0rd4k the Cutter (Human Artificer)                Turns: 10917, Time: 00:09:34

Health: -2/68      AC:  3    Str: 15    XL:     9   Next: 81%
Magic:  9/9        EV: 14    Int: 12    God:
Gold:   507        SH:  0    Dex: 14    Spells: 8/8 levels left

rFire    . . .     SeeInvis .   l - +2 dagger (venom)
rCold    . . .     Faith    .   (no shield)
rNeg     . . .     Spirit   .   b - +0 leather armour
rPois    .         Reflect  .   (no helmet)
rElec    .         Harm     .   (no cloak)
rCorr    .         Rampage  .   (no gloves)
Will     .....                  (no boots)
Stlth    +++.......             (no amulet)
HPRegen  0.21/turn              (no ring)
MPRegen  0.11/turn              (no ring)

@: lethally poisoned (-2 -> -11), about to teleport
A: no striking features
a: no special abilities


You were on level 7 of the Dungeon.
You visited 1 branch of the dungeon, and saw 7 of its levels.

You collected 507 gold pieces.

Inventory:

Hand Weapons
 a - a +0 club
 h - a +0 short sword
 l - a +2 dagger of venom (weapon)
 w - a +0 dagger of draining
Missiles
 g - 2 javelins
 y - 12 poisoned darts
Armour
 b - a +0 leather armour (worn)
 D - a +1 helmet
Jewellery
 C - an uncursed ring of protection from cold {unknown}
Wands
 c - a wand of flame (19) (quivered)
 d - a wand of enslavement (15)
 e - a wand of random effects (15)
 q - a wand of acid (7)
Scrolls
 f - 2 scrolls of magic mapping
 i - 2 scrolls of teleportation
 m - 3 scrolls of enchant weapon {unknown}
 o - a scroll of immolation {unknown}
 p - a scroll of random uselessness {unknown}
 u - 4 scrolls of amnesia {unknown}
 x - 7 scrolls of remove curse
 z - a scroll of identify
 B - a scroll of blinking {unknown}
Potions
 j - a potion of degeneration {unknown}
 k - 3 potions of curing
 n - a potion of brilliance
 r - a potion of resistance
 s - a potion of ambrosia
 t - 2 potions of haste
 v - a potion of might
 A - a potion of heal wounds {unknown}


   Skills:
 + Level 5.2 Fighting
 + Level 6.9 Short Blades
 + Level 5.0 Armour
 + Level 4.8 Dodging
 + Level 5.2 Stealth
 + Level 4.5 Evocations


You had 8 spell levels left.
You didn't know any spells.
Your spell library contained the following spells:

 Spells                   Type           Power        Failure   Level
 Corona                   Hex            0%           36%         1
 Ensorcelled Hibernation  Hex/Ice        0%           52%         2
 Confusing Touch          Hex            0%           75%         3
 Dazzling Flash           Conj/Hex       0%           75%         3
 Tukima's Dance           Hex            0%           75%         3


Dungeon Overview and Level Annotations

Branches:
Dungeon (7/15)             Temple (0/1) D:4

Altars:
Cheibriados
Dithmenos
Hepliaklqana
Kikubaaqudgha
Qazlal
Sif Muna
Vehumet
Wu Jian
Zin

Shops:
D:5 !   D:6 *

Annotations:
D:2 1 runed translucent door, exclusion: door, Crazy Yiuf


Message History

You feel better. The killer bee misses you. The killer bee closely misses you.
The killer bee stings you!
* * * LOW HITPOINT WARNING * * *
The killer bee stings you.
* * * LOW HITPOINT WARNING * * *
You are poisoned.
The killer bee poisons you!
The killer bee buzzes angrily.
You hit the killer bee but do no damage.
You feel sick. The killer bee stings you!
* * * LOW HITPOINT WARNING * * *
The killer bee misses you.
You hit the killer bee.
The killer bee is poisoned.
The killer bee is moderately wounded.
* * * LOW HITPOINT WARNING * * *
You feel sick. The killer bee stings you.
* * * LOW HITPOINT WARNING * * *
You are more poisoned.
The killer bee poisons you! The killer bee stings you.
You die...

......8.....
...........
...y.._...#
.........#
#........#
#y.......#
#........#
####o.......#
#@yo........#
#†yy........#
#.o.........#
#...........#
#.....†.....#
##########..#
##8##8##..#
.......'..#
##8##8##..#


You could see 3 killer bees, an orc priest and 2 orcs.

Vanquished Creatures
  Pikel (D:6)
  An ice beast (D:5)
  A phantom (D:6)
  3 sky beasts
  An orc warrior (D:6)
  4 centaurs
  2 ogres (D:4)
  2 lemures (D:6)
  2 bullfrogs (D:6)
  4 scorpions
  3 killer bees (D:7)
  An orc priest (D:6)
  A centaur skeleton (D:4)
  2 hounds (D:4)
  An orc wizard (D:3)
  6 worker ants
  A killer bee zombie (D:6)
  9 adders
  2 adder skeletons (D:5)
  2 worms
  3 dart slugs
  7 leopard geckos
  19 orcs
  6 giant cockroaches
  6 goblins
  11 hobgoblins
  8 jackals
  10 kobolds
  2 quokkas
  9 bats
  9 frilled lizards
  5 rats
144 creatures vanquished.

Notes
Turn   | Place    | Note
-------+----------+-------------------------------------------
     0 | D:1      | H0rd4k the Human Artificer began the quest for the Orb.
     0 | D:1      | Reached XP level 1. HP: 15/15 MP: 1/1
   309 | D:1      | Reached XP level 2. HP: 19/21 MP: 2/2
   917 | D:1      | Reached XP level 3. HP: 22/26 MP: 3/3
  2283 | D:2      | Reached XP level 4. HP: 21/32 MP: 4/4
  2762 | D:2      | Reached skill level 1 in Short Blades
  3441 | D:2      | Found a runed translucent door.
  3442 | D:2      | Noticed Crazy Yiuf
  3640 | D:3      | Reached XP level 5. HP: 26/37 MP: 5/5
  4873 | D:3      | Reached skill level 2 in Short Blades
  5320 | D:3      | Reached XP level 6. HP: 12/44 MP: 6/6
  5919 | D:4      | Found a shimmering blue altar of Sif Muna.
  5950 | D:4      | Noticed an ogre
  5958 | D:4      | Killed an ogre
  6175 | D:4      | Noticed an ogre
  6188 | D:4      | Killed an ogre
  6189 | D:4      | Reached skill level 3 in Short Blades
  6189 | D:4      | Reached XP level 7. HP: 51/51 MP: 7/7
  6264 | D:4      | Found a staircase to the Ecumenical Temple.
  6289 | D:4      | Found an ancient bone altar of Kikubaaqudgha.
  6665 | D:4      | Found a snail-covered altar of Cheibriados.
  6945 | D:5      | Entered Level 5 of the Dungeon
  6965 | D:5      | Found a stormy altar of Qazlal.
  7030 | D:5      | Found Cuvaudd's Distillery.
  7564 | D:5      | Reached skill level 4 in Short Blades
  7564 | D:5      | Reached XP level 8. HP: 58/58 MP: 8/8
  7859 | D:5      | Found a glowing silver altar of Zin.
  7866 | D:5      | Found a hazy altar of Hepliaklqana.
  7870 | D:5      | Found a radiant altar of Vehumet.
  8155 | D:5      | Reached skill level 5 in Short Blades
  8993 | D:6      | Found Cetaj's Assorted Antiques.
  9050 | D:6      | Reached XP level 9. HP: 35/66 MP: 9/9
  9818 | D:6      | Noticed Pikel
  9906 | D:6      | Killed Pikel
  9907 | D:6      | Reached skill level 5 in Fighting
  9907 | D:6      | Reached skill level 6 in Short Blades
 10221 | D:6      | Reached skill level 5 in Stealth
 10726 | D:7      | Reached skill level 5 in Armour
 10886 | D:7      | Found a shadowy altar of Dithmenos.
 10890 | D:7      | Found an ornate altar of the Wu Jian Council.
 10917 | D:7      | HP: 3/68 [killer bee (1)]
 10917 | D:7      | Slain by a killer bee

Illustrated notes

Levels and vault maps discovered:
D:1:      dpeg_arrival_more_subterranean_lakeside_camping, layout_basic,
          minmay_misc_feat_encased
D:2:      layout_basic, uniq_crazy_yiuf_cottage
D:3:      layout_loops_corners, nicolae_underground_beach
D:4:      layout_loops_corners, marbit_many_paths, kennysheep_little_box,
          kennysheep_mini_moat, minmay_temple_entry_mist
D:5:      minmay_angry_zag, layout_loops_ring, grunt_temple_overflow_diamond,
          basic_altar, serial_shops, shop, chequers_serial_rivers_room_a
D:6:      layout_basic, serial_shops, nicolae_shop_crystal, uniq_pikel
D:7:      layout_gridville, grunt_temple_overflow_open, nrook_campfire,
          grunt_ministairs_8, dk_noncrumbling_2, lemuel_oklob_altar,
          uniq_maggie, uniq_joseph

Skill      XL: |  1  2  3  4  5  6  7  8  9 |
---------------+----------------------------+-----
Short Blades   | 1 2 3 4 5 6 |  6.9
Dodging        | 2 3 4 |  4.8
Armour         | 3 4 5 |  5.0
Fighting       | 2 3 4 5 |  5.2
Stealth        | 2 4 5 |  5.2
Evocations     | 4 |  4.5

Action                   |  1- 3 |  4- 6 |  7- 9 || total
-------------------------+-------+-------+-------++-------
Melee: Club              |    14 |       |       ||    14
       Short sword       |   165 |   141 |       ||   306
       Dagger            |       |   101 |   288 ||   389
Evoke: Wand              |     3 |    10 |     9 ||    22
  Use: Scroll            |       |     4 |     5 ||     9
       Potion            |       |     2 |     4 ||     6
 Stab: Sleeping          |     3 |     4 |     8 ||    15
       Distracted        |       |       |     1 ||     1
Armor: Leather armour    |    55 |    62 |    26 ||   143
Dodge: Dodged            |   137 |   158 |   147 ||   442
